 Dungeon Crawl Stone Soup version 0.28.0-47-ge53b351184 (webtiles) character file.

Game seed: 3340032313302628219

225 issech the Shield-Bearer (level 5, -1/53 HPs)
             Began as a Troll Fighter on Apr 27, 2022.
             Slain by a hornet (16 damage)
             ... while paralysed by a hornet
             ... on level 4 of the Dungeon.
             The game lasted 00:08:48 (2732 turns).

issech the Shield-Bearer (Troll Fighter)            Turns: 2732, Time: 00:08:48

Health: -1/53      AC:  4    Str: 24    XL:     5   Next: 68%
Magic:  4/4        EV:  1    Int:  4    God:
Gold:   150        SH:  0    Dex: 11    Spells: 4/4 levels left

rFire   . . .      SeeInvis .   h - +1 trident (venom)
rCold   . . .      Faith    .   c - +0 kite shield
rNeg    . . .      Spirit   .   b - +0 robe
rPois   .          Reflect  .   (helmet restricted)
rElec   .          Harm     .   (no cloak)
rCorr   .          Rampage  .   (gloves unavailable)
Will    .....                   (boots unavailable)
Stlth   +.........              (no amulet)
HPRegen 0.97/turn               (no ring)
MPRegen 0.09/turn               (no ring)

@: paralysed, lethally poisoned (-1 -> -2), slowed
A: large, unfitting armour, claws 3, regeneration 1, shaggy fur 1, tough skin 1
a: no special abilities


You were on level 4 of the Dungeon.
You visited 1 branch of the dungeon, and saw 4 of its levels.

You collected 150 gold pieces.

Inventory:

Hand Weapons
 a - a +0 flail
 e - a +0 hunting sling
 h - a +1 trident of venom (weapon)
 p - a +0 mace
Missiles
 f - 38 stones (quivered)
 k - 43 arrows
 t - 41 sling bullets
 u - 3 poisoned darts
Armour
 b - a +0 robe (worn)
 c - a +0 kite shield (worn)
Scrolls
 i - a scroll of torment
 j - 3 scrolls of blinking
 l - 2 scrolls of teleportation
 m - 2 scrolls of amnesia {unknown}
 q - 2 scrolls of vulnerability {unknown}
Potions
 d - 2 potions of might
 g - a potion of brilliance {unknown}
 n - a potion of heal wounds {unknown}
 o - 2 potions of degeneration {unknown}
 r - a potion of lignification {unknown}
 s - a potion of curing {unknown}


   Skills:
 + Level 3.2 Fighting
 + Level 2.7 Maces & Flails
 + Level 0.2 Throwing
 + Level 3.3 Dodging
 + Level 0.1 Stealth
 + Level 3.6 Shields


You had 4 spell levels left.
You didn't know any spells.
Your spell library contained the following spells:

 Spells                   Type           Power      Damage    Failure   Level
 Shock                    Conj/Air       0%         1d3       80%         1
 Inner Flame              Hex/Fire       0%         N/A       99%         3
 Swiftness                Air            0%         N/A       99%         3
 Airstrike                Air            0%         N/A       100%        4
 Cause Fear               Hex            0%         N/A       100%        4
 Discord                  Hex            0%         N/A       100%        8


Dungeon Overview and Level Annotations

Branches:
Dungeon (4/15)
 Temple: D:4-7

Altars:


Innate Abilities, Weirdness & Mutations

You are too large for most types of armour.
You have claws for hands.
Your natural rate of healing is unusually fast.
You are covered in fur. (AC +1)
You have tough skin. (AC +1)


Message History

The iguana is moderately wounded.
The iguana barely misses you. The iguana bites you!
You hit the iguana but do no damage.
The iguana is moderately wounded.
The iguana bites you.
You hit the iguana.
The iguana is heavily wounded.
The iguana closely misses you. You block the iguana's attack.
You closely miss the iguana.
The iguana is heavily wounded.
You block the iguana's attack.
You sock the iguana!
You kill the iguana!
Things that are here:
a +1 trident of venom; an iguana corpse A hornet comes into view.
The hornet buzzes angrily.
Things that are here:
a +1 trident of venom; an iguana corpse
h - a +1 trident of venom Your +1 trident of venom begins to drip with poison!
h - a +1 trident of venom (weapon)
You barely miss the hornet. You block the hornet's attack. x2
You closely miss the hornet. You block the hornet's attack.
The hornet stings you.
You are poisoned.
You feel yourself slow down.
You barely miss the hornet.
You feel very sick. The hornet stings you!
You feel as though you will be slow longer.
The hornet stings you.
You feel as though you will be slow longer.
The hornet stings you but does no damage.
You barely miss the hornet.
You feel very sick. The hornet stings you!
* * * LOW HITPOINT WARNING * * *
You suddenly lose the ability to move!
The hornet stings you!
You die...

#.>.# ##.......#
#####...########..#.##.#
..............##..#.# .#
..................#.# .
..............##..#.#
#####...########..#.#..#
#...# #<......# #.#y#
####.#### #.†@# #.#
#...# #.# #...# ##.## #
##.#.. #...### #.#.##
#.#<... #.#.# #...###
..... ##### ###(#


You could see a hornet.

Vanquished Creatures
  A scorpion (D:3)
  An iguana (D:4)
  Natasha (twice) (D:2 D:1)
  3 adders
  An ufetubus (D:4)
  6 bats
  3 endoplasms
  4 giant cockroaches
  3 hobgoblins (D:2)
  7 jackals
  4 quokkas
  4 ball pythons
  A frilled lizard (D:2)
  8 goblins
  4 kobolds
  3 rats
55 creatures vanquished.

Notes
Turn   | Place    | Note
-------+----------+-------------------------------------------
     0 | D:1      | issech the Troll Fighter began the quest for the Orb.
     0 | D:1      | Reached XP level 1. HP: 22/22 MP: 0/0
   214 | D:1      | Reached XP level 2. HP: 27/29 MP: 1/1
   335 | D:1      | Found a faded altar of an unknown god.
   498 | D:2      | Noticed Natasha
   506 | D:2      | Noticed a crimson imp
   506 | D:2      | Killed Natasha
   507 | D:2      | Reached XP level 3. HP: 26/37 MP: 2/2
   514 | D:2      | Noticed Natasha
   833 | D:2      | Reached XP level 4. HP: 44/45 MP: 3/3
  1627 | D:1      | Killed Natasha
  2186 | D:3      | Noticed a scorpion
  2200 | D:3      | Killed a scorpion
  2201 | D:3      | Reached XP level 5. HP: 13/53 MP: 4/4
  2724 | D:4      | Noticed a hornet
  2732 | D:4      | Paralysed by a hornet for 3 turns
  2732 | D:4      | Slain by a hornet

Illustrated notes

Levels and vault maps discovered:
D:1:      mrwooster_arrival_arrow, layout_basic,
          ebering_ecumenical_altar_petrified, minmay_bisected
D:2:      layout_loops_cross, minmay_misc_feat_enclosed, grunt_ministairs_13,
          minmay_split_cup_small, uniq_natasha
D:3:      layout_loops_corners, minmay_misc_feat_cross
D:4:      layout_loops_cross

Skill      XL: |  1  2  3  4 |
---------------+-------------+-----
Maces & Flails | 2 |  2.7
Fighting       | 3 |  3.2
Shields        | 3 |  3.6
Dodging        | 3 |  3.3
Throwing       | |  0.2
Stealth        | |  0.1

Action                   |  1- 3 |  4- 6 || total
-------------------------+-------+-------++-------
Melee: Flail             |   123 |    36 ||   159
       Mace              |       |    62 ||    62
       Trident           |       |     4 ||     4
Throw: Stone             |     4 |     6 ||    10
  Use: Scroll            |       |     3 ||     3
 Stab: Sleeping          |     1 |       ||     1
Armor: Robe              |    72 |    33 ||   105
Dodge: Dodged            |    76 |    53 ||   129
Block: Kite shield       |    72 |    52 ||   124
